[Event "Ste-Foy 5 2025-26"]
[Site "Ste-Foy CAN"]
[Date "2026.03.02"]
[Round "3"]
[White "Potvin, Alain-Nicolas"]
[Black "Belanger, Mathieu-Olivier"]
[Result "0-1"]
[ECO "A48"]
[WhiteElo "1717"]
[BlackElo "1920"]
[WhiteFideId "-1"]
[BlackFideId "-1"]
[PlyCount "62"]
[GameId "2284317376573759"]
[EventDate "2026.02.16"]
[EventType "swiss"]
[EventRounds "5"]
[EventCountry "CAN"]
[TimeControl "5400+30"]

1. d4 Nf6 2. Nf3 g6 3. Bf4 c5 4. e3 cxd4 5. exd4 d6 6. Be2 Bg7 7. c3 O-O 8. O-O Nc6 9. h3 Re8 10. Bh2 Nd7 11. Nbd2 e5 12. Ne4 d5 13. Nd6 e4 14. Ne5 Re7 15. Nxc6 bxc6 16. Qa4 Qb6 17. b4 Re6 18. Rab1 Bf8 19. Nxc8 Rxc8 20. Qb3 Bd6 21. Bxd6 Rxd6 22. a4 Nf8 23. f4 exf3 24. Rxf3 Ne6 25. Rbf1 Ng5 26. Re3 Re6 27. Rxe6 Nxe6 28. Qc2 Re8 29. Bd3 Qc7 30. Re1 Qg3 31. Qe2 Nc7 0-1

[Event "Ste-Foy 5 2025-26"]
[Site "Ste-Foy CAN"]
[Date "2026.03.02"]
[Round "3"]
[White "Yergeau, Samuel"]
[Black "Grimard, Carl"]
[Result "0-1"]
[ECO "B22"]
[WhiteElo "1429"]
[BlackElo "1414"]
[WhiteFideId "-1"]
[BlackFideId "-1"]
[PlyCount "52"]
[GameId "2284317471453515"]
[EventDate "2026.02.16"]
[EventType "swiss"]
[EventRounds "5"]
[EventCountry "CAN"]
[TimeControl "5400+30"]

1. e4 c5 2. c3 d5 3. exd5 Qxd5 4. Nf3 Nf6 5. d4 cxd4 6. cxd4 e6 7. Nc3 Qd8 8. Bb5+ Nbd7 9. Bg5 Be7 10. Bxf6 Bxf6 11. Ne5 O-O 12. Bxd7 Bxd7 13. O-O Bc6 14. Nxc6 bxc6 15. Qa4 Qb6 16. Ne2 Rfd8 17. Rac1 Qxb2 18. Rc2 Qb5 19. Qc4 Qxc4 20. Rxc4 Rd6 21. Rb1 Rad8 22. Rb7 Bxd4 23. Rxd4 Rxd4 24. Nxd4 e5 25. Rxa7 exd4 26. Rc7 d3 0-1

[Event "Ste-Foy 5 2025-26"]
[Site "Ste-Foy CAN"]
[Date "2026.03.02"]
[Round "3"]
[White "Voisin, Antoine"]
[Black "Monat, Henri"]
[Result "1-0"]
[ECO "B20"]
[WhiteElo "1645"]
[BlackElo "1095"]
[WhiteFideId "-1"]
[BlackFideId "-1"]
[PlyCount "45"]
[GameId "2284317553754455"]
[EventDate "2026.02.16"]
[EventType "swiss"]
[EventRounds "5"]
[EventCountry "CAN"]
[TimeControl "5400+30"]

1. e4 c5 2. a3 g6 3. Nc3 Bg7 4. Bc4 Nc6 5. Nf3 e6 6. d3 a6 7. Bg5 f6 8. Be3 Nge7 9. Ba2 b6 10. Qd2 Bb7 11. Bh6 Rg8 12. Bxg7 Rxg7 13. Qh6 Rg8 14. Qxh7 Qc7 15. O-O-O O-O-O 16. Qh4 g5 17. Qg3 g4 18. Nd2 Qxg3 19. hxg3 Nd4 20. Rh7 Ng6 21. Nc4 d6 22. Nxb6+ Kb8 23. Nd7+ 1-0

[Event "Ste-Foy 5 2025-26"]
[Site "Ste-Foy CAN"]
[Date "2026.03.02"]
[Round "3"]
[White "Laurendeau, Alfred"]
[Black "Deschenes, Andre-Philippe"]
[Result "1-0"]
[ECO "D02"]
[WhiteElo "1579"]
[BlackElo "1256"]
[WhiteFideId "-1"]
[BlackFideId "-1"]
[PlyCount "67"]
[GameId "2284317626032483"]
[EventDate "2026.02.16"]
[EventType "swiss"]
[EventRounds "5"]
[EventCountry "CAN"]
[TimeControl "5400+30"]

1. Nf3 d5 2. g3 e6 3. Bg2 Nf6 4. O-O Nbd7 5. d4 c5 6. c4 Nb6 7. cxd5 Nbxd5 8. Nc3 cxd4 9. Qxd4 a6 10. e4 Nxc3 11. Qxd8+ Kxd8 12. bxc3 Nxe4 13. Ne5 Nxf2 14. Be3 Ng4 15. Bb6+ Ke8 16. Nxf7 Rg8 17. Rad1 Nf6 18. Ne5 Be7 19. c4 Nd7 20. Nxd7 Bxd7 21. Rfe1 Rf8 22. c5 Rf6 23. Bxb7 Rb8 24. c6 Bxc6 25. Bxc6+ Kf7 26. Bd4 Rg6 27. Be5 Rb4 28. Rd7 Rc4 29. Rf1+ Ke8 30. Rc7+ Rxc6 31. Rxc6 a5 32. Rc8+ Kd7 33. Rfc1 Ba3 34. R1c7# 1-0

[Event "Ste-Foy 5 2025-26"]
[Site "Ste-Foy CAN"]
[Date "2026.03.02"]
[Round "3"]
[White "Aguilar Balzano, Sebastian"]
[Black "Miranda, Carlos"]
[Result "0-1"]
[ECO "C02"]
[WhiteElo "1263"]
[BlackElo "1386"]
[WhiteFideId "-1"]
[BlackFideId "-1"]
[PlyCount "114"]
[GameId "2284318688268655"]
[EventDate "2026.02.16"]
[EventType "swiss"]
[EventRounds "5"]
[EventCountry "CAN"]
[TimeControl "5400+30"]

1. e4 e6 2. d4 d5 3. e5 c5 4. c3 Nc6 5. Bd3 cxd4 6. Nf3 dxc3 7. Nxc3 Bb4 8. O-O Bxc3 9. bxc3 Nge7 10. Re1 O-O 11. Bxh7+ Kh8 12. Ng5 g6 13. Qg4 Kg7 14. Qh3 Rh8 15. Qf3 Nf5 16. g4 Rxh7 17. gxf5 exf5 18. Nxh7 Kxh7 19. Qf4 Qf8 20. Re3 Qg7 21. Qg5 Be6 22. Qf6 Rh8 23. Qxg7+ Kxg7 24. Bb2 f4 25. Re2 Rh5 26. Rae1 Bg4 27. Rd2 Rg5 28. Rc1 Bf3+ 29. Kf1 Kh6 30. c4 dxc4 31. Rxc4 Bg2+ 32. Ke1 f3 33. Rd7 Nxe5 34. Rh4+ Kg7 35. Re4 Bh3 36. Bxe5+ Rxe5 37. Rxe5 Bxd7 38. Re3 Bc6 39. Kd2 g5 40. h3 Kg6 41. Kd3 Kf5 42. Kd4 f6 43. Rc3 Kg6 44. Rc4 Kh5 45. Ke3 f5 46. a3 f4+ 47. Kd2 Kh4 48. a4 Kxh3 49. a5 a6 50. Ke1 Kg2 51. Rd4 Bb5 52. Re4 Bc6 53. Rc4 Kh3 54. Rd4 Kg4 55. Kd2 Kf5 56. Rb4 g4 57. Rb1 g3 0-1

[Event "Ste-Foy 5 2025-26"]
[Site "Ste-Foy CAN"]
[Date "2026.03.02"]
[Round "3"]
[White "Pepin, Pierre-Luc"]
[Black "Caron-Ouellette, Charles"]
[Result "0-1"]
[ECO "A81"]
[WhiteElo "1177"]
[BlackElo "1382"]
[WhiteFideId "-1"]
[BlackFideId "-1"]
[PlyCount "40"]
[GameId "2284318784098683"]
[EventDate "2026.02.16"]
[EventType "swiss"]
[EventRounds "5"]
[EventCountry "CAN"]
[TimeControl "5400+30"]

1. d4 f5 2. g3 Nf6 3. Bg2 e6 4. Nf3 d5 5. O-O Nbd7 6. c3 Be7 7. b3 b6 8. Nbd2 Bb7 9. Bb2 O-O 10. Re1 c5 11. Rc1 Ne4 12. a3 Ndf6 13. e3 Ng4 14. Rf1 Ba6 15. c4 b5 16. Rc2 bxc4 17. bxc4 dxc4 18. Nxc4 Rb8 19. Nfd2 Nxd2 20. Qxd2 Rxb2 0-1

[Event "Ste-Foy 5 2025-26"]
[Site "Ste-Foy CAN"]
[Date "2026.03.02"]
[Round "3"]
[White "Couture, Francois"]
[Black "Fleury, Dominic"]
[Result "0-1"]
[ECO "D37"]
[WhiteElo "1232"]
[BlackElo "1318"]
[WhiteFideId "-1"]
[BlackFideId "-1"]
[PlyCount "50"]
[GameId "2284318850298247"]
[EventDate "2026.02.16"]
[EventType "swiss"]
[EventRounds "5"]
[EventCountry "CAN"]
[TimeControl "5400+30"]

1. d4 d5 2. c4 e6 3. Nf3 Nf6 4. Nc3 Nbd7 5. Bf4 c5 6. e3 Nh5 7. Bg5 Be7 8. Bxe7 Qxe7 9. Bd3 O-O 10. O-O Nhf6 11. Re1 Re8 12. Qb3 Nb6 13. cxd5 c4 14. Bxc4 Nxc4 15. Qxc4 exd5 16. Nxd5 Nxd5 17. Qxd5 Be6 18. Qb5 Rad8 19. e4 Bg4 20. Ne5 Qg5 21. Qxb7 Re7 22. Qb4 Rde8 23. Rac1 f6 24. Nxg4 Rxe4 25. Rxe4 Qxc1+ 0-1

[Event "Ste-Foy 5 2025-26"]
[Site "Ste-Foy CAN"]
[Date "2026.03.02"]
[Round "3"]
[White "Nougaret, Jonathan"]
[Black "Tremblay, Charles"]
[Result "0-1"]
[ECO "D35"]
[WhiteElo "1327"]
[BlackElo "1488"]
[WhiteFideId "-1"]
[BlackFideId "-1"]
[PlyCount "116"]
[GameId "2284318929703315"]
[EventDate "2026.02.16"]
[EventType "swiss"]
[EventRounds "5"]
[EventCountry "CAN"]
[TimeControl "5400+30"]

1. d4 d5 2. c4 e6 3. Nc3 Nf6 4. Bg5 Bb4 5. cxd5 exd5 6. a3 Bxc3+ 7. bxc3 Nbd7 8. e3 O-O 9. Nf3 c6 10. Bd3 Qc7 11. O-O Re8 12. Bf4 Qa5 13. c4 dxc4 14. Bxc4 Nd5 15. Bg3 N7f6 16. h3 Ne4 17. Bh2 Be6 18. Bd3 Ndc3 19. Qc2 Bd5 20. Ne5 Qa4 21. Bxe4 Qxc2 22. Bxc2 f6 23. Nf3 g5 24. Nd2 Kg7 25. Bb3 Bxb3 26. Nxb3 b6 27. Kh1 Nd5 28. Rfc1 Re6 29. g4 Rae8 30. Kg2 Nxe3+ 31. Kg1 Nd5 32. Kf1 Kg6 33. Re1 h5 34. gxh5+ Kxh5 35. Rxe6 Rxe6 36. Re1 Rxe1+ 37. Kxe1 Kh4 38. Bb8 a6 39. Na1 Kxh3 40. Nc2 a5 41. Ke2 c5 42. Ne3 Nc3+ 43. Kd3 cxd4 44. Kxd4 Nb1 45. Bc7 Nxa3 46. Bxb6 a4 47. Bd8 g4 48. Bxf6 g3 49. f4 Nc2+ 50. Kc3 Nxe3 51. Bd4 Nd5+ 52. Kb2 Nxf4 53. Ka3 Ne2 54. Ba7 Nc3 55. Bc5 g2 56. Ba7 Kg3 57. Bc5 Ne4 58. Ba7 Nf2 0-1

[Event "Ste-Foy 5 2025-26"]
[Site "Ste-Foy CAN"]
[Date "2026.03.02"]
[Round "3"]
[White "Godin, Francois"]
[Black "Wafer, Jacques"]
[Result "0-1"]
[ECO "A53"]
[WhiteElo "1052"]
[BlackElo "1400"]
[WhiteFideId "-1"]
[BlackFideId "-1"]
[PlyCount "78"]
[GameId "2284319014588831"]
[EventDate "2026.02.16"]
[EventType "swiss"]
[EventRounds "5"]
[EventCountry "CAN"]
[TimeControl "5400+30"]

1. d4 Nf6 2. c4 d6 3. Nf3 Bg4 4. Nc3 Bxf3 5. exf3 g6 6. Be2 Bg7 7. Be3 O-O 8. O-O c6 9. Bd3 Re8 10. f4 e6 11. Qf3 Qa5 12. Rfe1 Nbd7 13. Bd2 Qh5 14. Qxh5 Nxh5 15. Be3 e5 16. f5 exd4 17. fxg6 dxe3 18. gxh7+ Kh8 19. Rxe3 Rxe3 20. fxe3 Re8 21. Re1 Bxc3 22. bxc3 c5 23. Kf2 Nhf6 24. h3 Nxh7 25. h4 Ne5 26. Be2 Nf6 27. Rd1 Rd8 28. Rh1 Ne4+ 29. Ke1 Nxc3 30. g4 Nxe2 31. Kxe2 Nxg4 32. Kf3 Ne5+ 33. Kf4 Rg8 34. Ke4 Rg4+ 35. Kd5 Nxc4 36. e4 Ne3+ 37. Kxd6 c4 38. Rb1 b6 39. Re1 Rxe4 0-1

[Event "Ste-Foy 5 2025-26"]
[Site "Ste-Foy CAN"]
[Date "2026.03.02"]
[Round "3"]
[White "Renzo, Alain"]
[Black "Taran, Maksim"]
[Result "1-0"]
[ECO "C02"]
[WhiteElo "1203"]
[BlackElo "1094"]
[WhiteFideId "-1"]
[BlackFideId "-1"]
[PlyCount "87"]
[GameId "2284319101583787"]
[EventDate "2026.02.16"]
[EventType "swiss"]
[EventRounds "5"]
[EventCountry "CAN"]
[TimeControl "5400+30"]

1. e4 e6 2. d4 d5 3. e5 c5 4. Nf3 Nc6 5. Be2 Qb6 6. c3 f6 7. O-O fxe5 8. dxe5 Nge7 9. b3 Ng6 10. Be3 Ncxe5 11. Nxe5 Nxe5 12. f4 Nc6 13. f5 d4 14. cxd4 cxd4 15. Bh5+ g6 16. fxg6 Bd6 17. g7+ Kd7 18. Rf7+ Ne7 19. gxh8=Q dxe3 20. Be2 Qc6 21. Qhd4 Qd5 22. Qxd5 exd5 23. Qxd5 Ke8 24. Qf3 Kd7 25. Qxe3 b6 26. Bg4+ Ke8 27. Qf3 Bxg4 28. Qxa8+ Kxf7 29. Nd2 Bc5+ 30. Kh1 Be3 31. Rf1+ Bf5 32. Nc4 Bc5 33. Qxa7 Ke6 34. Nxb6 Nc8 35. Qd7+ Ke5 36. Qe8+ Kd6 37. Nxc8+ Bxc8 38. Qxc8 Kd5 39. Rd1+ Ke4 40. Qxc5 Kf4 41. Qe7 h5 42. Rf1+ Kg4 43. Qe5 Kh4 44. Rf4# 1-0

[Event "Ste-Foy 5 2025-26"]
[Site "Ste-Foy CAN"]
[Date "2026.03.09"]
[Round "4"]
[White "Belanger, Mathieu-Olivier"]
[Black "Chouinard, Etienne"]
[Result "1/2-1/2"]
[ECO "C54"]
[WhiteElo "1920"]
[BlackElo "1774"]
[WhiteFideId "-1"]
[BlackFideId "-1"]
[PlyCount "72"]
[GameId "2286900728084715"]
[EventDate "2026.02.16"]
[EventType "swiss"]
[EventRounds "5"]
[EventCountry "CAN"]
[TimeControl "5400+30"]

1. e4 e5 2. Nf3 Nc6 3. Bc4 Nf6 4. d3 Bc5 5. c3 d6 6. O-O Bg4 7. Nbd2 O-O 8. a4 a5 9. Re1 Qd7 10. Nf1 Ne7 11. Be3 Bxe3 12. Nxe3 Ng6 13. Nxg4 Qxg4 14. h3 Qd7 15. d4 Rae8 16. d5 Qc8 17. Bf1 h6 18. c4 Nd7 19. Ra3 Nc5 20. g4 Qd8 21. Qd2 b6 22. Kh2 Nf4 23. Nd4 Qh4 24. Nf5 Qd8 25. Qe3 g6 26. Nd4 Qh4 27. Ne2 Ncd3 28. Rb1 Qxf2+ 29. Qxf2 Nxf2 30. Ng3 h5 31. Rf3 h4 32. Rxf2 hxg3+ 33. Kxg3 g5 34. b4 axb4 35. Rxb4 Ra8 36. Ra2 Ra5 1/2-1/2

[Event "Ste-Foy 5 2025-26"]
[Site "Ste-Foy CAN"]
[Date "2026.03.09"]
[Round "4"]
[White "Caron-Ouellette, Charles"]
[Black "Grimard, Carl"]
[Result "1-0"]
[ECO "B20"]
[WhiteElo "1382"]
[BlackElo "1414"]
[WhiteFideId "-1"]
[BlackFideId "-1"]
[PlyCount "61"]
[GameId "2286900797376759"]
[EventDate "2026.02.16"]
[EventType "swiss"]
[EventRounds "5"]
[EventCountry "CAN"]
[TimeControl "5400+30"]

1. e4 c5 2. b4 b6 3. bxc5 bxc5 4. Bb5 Bb7 5. Nc3 Nc6 6. Nf3 Nd4 7. Rb1 Nxb5 8. Rxb5 Qc7 9. Ba3 d6 10. Qb1 Bc6 11. Nd5 Bxd5 12. exd5 a6 13. Rb7 Qd8 14. Qb3 Nf6 15. Bb2 Nd7 16. O-O Rb8 17. Nh4 Rxb7 18. Qxb7 Qb8 19. Qxa6 f6 20. d4 g6 21. dxc5 Nxc5 22. Qc6+ Kf7 23. Bd4 Bh6 24. Bxc5 dxc5 25. Qe6+ Kf8 26. Re1 Qd6 27. Qxd6 exd6 28. Re6 f5 29. Rxd6 Ke7 30. Nxf5+ gxf5 31. Rxh6 1-0

[Event "Ste-Foy 5 2025-26"]
[Site "Ste-Foy CAN"]
[Date "2026.03.09"]
[Round "4"]
[White "Miranda, Carlos"]
[Black "Voisin, Antoine"]
[Result "0-1"]
[ECO "B13"]
[WhiteElo "1386"]
[BlackElo "1645"]
[WhiteFideId "-1"]
[BlackFideId "-1"]
[PlyCount "48"]
[GameId "2286900936440079"]
[EventDate "2026.02.16"]
[EventType "swiss"]
[EventRounds "5"]
[EventCountry "CAN"]
[TimeControl "5400+30"]

1. d4 Nf6 2. Bf4 d5 3. e3 c5 4. c3 Nc6 5. Bd3 Bg4 6. Nf3 e6 7. Nbd2 cxd4 8. exd4 Be7 9. Qc2 Rc8 10. Ne5 Nb4 11. Qa4+ Nc6 12. Bb5 Qb6 13. h3 Bf5 14. g4 Bg6 15. Nxg6 hxg6 16. Nf3 Nxg4 17. Ke2 Nf6 18. Ne5 a6 19. Bxc6+ bxc6 20. b4 Qb5+ 21. Qxb5 cxb5 22. Rac1 Ne4 23. Bd2 Nxd2 24. Kxd2 Bg5+ 0-1

[Event "Ste-Foy 5 2025-26"]
[Site "Ste-Foy CAN"]
[Date "2026.03.09"]
[Round "4"]
[White "Lorge, Edouard"]
[Black "Laurendeau, Alfred"]
[Result "1/2-1/2"]
[ECO "A46"]
[WhiteElo "1495"]
[BlackElo "1579"]
[WhiteFideId "-1"]
[BlackFideId "-1"]
[PlyCount "75"]
[GameId "2286901013526811"]
[EventDate "2026.02.16"]
[EventType "swiss"]
[EventRounds "5"]
[EventCountry "CAN"]
[TimeControl "5400+30"]

1. d4 Nf6 2. Nf3 e6 3. e3 c5 4. Bd3 Nc6 5. O-O a6 6. b3 d5 7. Bb2 cxd4 8. exd4 Be7 9. Nbd2 O-O 10. a3 b6 11. Qe2 Bb7 12. Ne5 b5 13. f4 Re8 14. g4 Bf8 15. g5 Ne4 16. Nxe4 dxe4 17. Qxe4 g6 18. Nxc6 Qc7 19. d5 Bc5+ 20. Nd4 Qb6 21. Qe3 Bxd5 22. Be4 Red8 23. Bxd5 Rxd5 24. Rad1 Rad8 25. c3 Qd6 26. Kg2 e5 27. fxe5 Rxe5 28. Qf4 Qd5+ 29. Nf3 Re2+ 30. Kg3 Qxd1 31. Rxd1 Rxd1 32. Kh3 Rxb2 33. b4 Bd6 34. Ne5 Rd3+ 35. Kh4 Bxe5 36. Qxe5 Rbd2 37. Qe8+ Kg7 38. Qe5+ 1/2-1/2

[Event "Ste-Foy 5 2025-26"]
[Site "Ste-Foy CAN"]
[Date "2026.03.09"]
[Round "4"]
[White "Wafer, Jacques"]
[Black "Tremblay, Charles"]
[Result "0-1"]
[ECO "B46"]
[WhiteElo "1400"]
[BlackElo "1488"]
[WhiteFideId "-1"]
[BlackFideId "-1"]
[PlyCount "96"]
[GameId "2286901584935207"]
[EventDate "2026.02.16"]
[EventType "swiss"]
[EventRounds "5"]
[EventCountry "CAN"]
[TimeControl "5400+30"]

1. e4 c5 2. Nf3 e6 3. d4 cxd4 4. Nxd4 a6 5. Nc3 Nc6 6. Nxc6 bxc6 7. Be2 Bb4 8. Bd2 Ne7 9. a3 Bc5 10. Na4 Ba7 11. b4 O-O 12. c4 Qc7 13. Qc2 Bb7 14. c5 Rad8 15. O-O Bb8 16. f4 Ng6 17. g3 Ba7 18. Rad1 d5 19. exd5 cxd5 20. Bc3 Qc6 21. Bf3 Rc8 22. f5 Ne7 23. fxe6 fxe6 24. Bg2 Nf5 25. Rfe1 Rf7 26. Re2 Re7 27. Rde1 a5 28. Rd2 axb4 29. axb4 Qd7 30. Be5 Qb5 31. Qb3 Bxc5+ 32. Nxc5 Rxc5 33. Bh3 Rc4 34. Rb2 Qb6+ 35. Kf1 Rf7 36. Bf4 Nd4 37. Qa4 Rf8 38. Bg2 Ba6 39. Ra2 Rxb4+ 40. Qxa6 Qc7 41. Kg1 Qc5 42. Kh1 Rb6 43. Qa7 Qb4 44. Qa5 Qb3 45. Qd2 Nf5 46. Bxd5 exd5 47. Re5 Qf3+ 48. Qg2 Rb1+ 0-1

[Event "Ste-Foy 5 2025-26"]
[Site "Ste-Foy CAN"]
[Date "2026.03.09"]
[Round "4"]
[White "Aguilar Balzano, Sebastian"]
[Black "Pepin, Pierre-Luc"]
[Result "1-0"]
[ECO "B12"]
[WhiteElo "1270"]
[BlackElo "1177"]
[WhiteFideId "-1"]
[BlackFideId "-1"]
[PlyCount "37"]
[GameId "2286901661387059"]
[EventDate "2026.02.16"]
[EventType "swiss"]
[EventRounds "5"]
[EventCountry "CAN"]
[TimeControl "5400+30"]

1. e4 e6 2. d4 d5 3. e5 c6 4. Nf3 g6 5. Bd3 Bg7 6. Bg5 Ne7 7. Nc3 b6 8. Qd2 Nd7 9. O-O-O Bb7 10. Bh6 O-O 11. Bxg7 Kxg7 12. h4 h5 13. Ne2 c5 14. Ng5 c4 15. Bxg6 Nxg6 16. g4 Rh8 17. gxh5 Rxh5 18. Nf4 Rxh4 19. Nfxe6+ 1-0

[Event "Ste-Foy 5 2025-26"]
[Site "Ste-Foy CAN"]
[Date "2026.03.09"]
[Round "4"]
[White "Deschenes, Andre-Philippe"]
[Black "Monat, Henri"]
[Result "0-1"]
[ECO "D02"]
[WhiteElo "1256"]
[BlackElo "1095"]
[WhiteFideId "-1"]
[BlackFideId "-1"]
[PlyCount "82"]
[GameId "2286901744539967"]
[EventDate "2026.02.16"]
[EventType "swiss"]
[EventRounds "5"]
[EventCountry "CAN"]
[TimeControl "5400+30"]

1. d4 d5 2. Nf3 Bf5 3. e3 a6 4. c4 c6 5. cxd5 cxd5 6. Nc3 Nf6 7. b3 e6 8. Bd3 Bxd3 9. Qxd3 Be7 10. O-O O-O 11. Ne5 Nbd7 12. f4 Rc8 13. Bb2 Re8 14. Rf3 Nf8 15. h3 Bb4 16. a3 Bxc3 17. Bxc3 Ne4 18. Be1 Qc7 19. Qd1 Qc2 20. Qxc2 Rxc2 21. Rf1 Rec8 22. Bh4 R8c3 23. Ng4 Rxb3 24. Rfb1 Rcc3 25. Be7 Nd7 26. Bb4 Rd3 27. Rxb3 Rxb3 28. Re1 Nb6 29. Rc1 Nc4 30. Kh2 h6 31. Re1 b6 32. Be7 b5 33. g3 Ncd2 34. Kg2 f6 35. Nf2 Kf7 36. Bb4 Nc4 37. Nxe4 dxe4 38. Ra1 Nxe3+ 39. Kf2 Nc4 40. Kg2 e3 41. Kf3 Nd2+ 0-1

[Event "Ste-Foy 5 2025-26"]
[Site "Ste-Foy CAN"]
[Date "2026.03.09"]
[Round "4"]
[White "Lebel, Michel"]
[Black "Couture, Francois"]
[Result "1-0"]
[ECO "B90"]
[WhiteElo "1076"]
[BlackElo "1232"]
[WhiteFideId "-1"]
[BlackFideId "-1"]
[PlyCount "139"]
[GameId "2286901826079051"]
[EventDate "2026.02.16"]
[EventType "swiss"]
[EventRounds "5"]
[EventCountry "CAN"]
[TimeControl "5400+30"]

1. e4 c5 2. Nf3 d6 3. d4 cxd4 4. Nxd4 Nf6 5. Nc3 a6 6. Bc4 Nc6 7. O-O Qb6 8. Nxc6 bxc6 9. Bb3 e6 10. Be3 Qb7 11. Qf3 Be7 12. Rab1 e5 13. h3 O-O 14. Rfe1 Qc7 15. Qg3 Kh8 16. Bd2 Bb7 17. a3 d5 18. exd5 cxd5 19. Bg5 d4 20. Bxf6 Bxf6 21. Nd5 Bxd5 22. Bxd5 Rad8 23. Bb3 g6 24. Qd3 a5 25. Qf3 Bg7 26. Re4 f5 27. Ree1 e4 28. Qg3 Qxg3 29. fxg3 Be5 30. Kf2 e3+ 31. Kf3 g5 32. Re2 g4+ 33. hxg4 fxg4+ 34. Kxg4 Rg8+ 35. Bxg8 Rxg8+ 36. Kf5 Bxg3 37. Rd1 Rf8+ 38. Ke4 Re8+ 39. Kxd4 Rd8+ 40. Kc3 Rxd1 41. Rxe3 Bf4 42. Re4 Bg5 43. Kb3 Rg1 44. Rg4 h6 45. Ka4 Bd2 46. c4 Rc1 47. Rd4 Be3 48. Re4 Bb6 49. Kb5 Bc7 50. g4 Rb1 51. Re2 Rg1 52. Re8+ Kg7 53. Re7+ Kg6 54. Rxc7 Rxg4 55. Rc6+ Kg5 56. Kxa5 h5 57. Rc5+ Kh4 58. b4 Rf4 59. Rc8 Kg3 60. Rg8+ Kf3 61. c5 h4 62. c6 Rf5+ 63. b5 Rf7 64. Kb6 h3 65. c7 h2 66. Rh8 Rf6+ 67. Kb7 Kg2 68. c8=Q h1=Q 69. Rxh1 Kxh1 70. Qh8+ 1-0

[Event "Ste-Foy 5 2025-26"]
[Site "Ste-Foy CAN"]
[Date "2026.03.09"]
[Round "4"]
[White "Poitras, Marc"]
[Black "Nougaret, Jonathan"]
[Result "1-0"]
[ECO "D38"]
[WhiteElo "1330"]
[BlackElo "1327"]
[WhiteFideId "-1"]
[BlackFideId "-1"]
[PlyCount "57"]
[GameId "2286901903288663"]
[EventDate "2026.02.16"]
[EventType "swiss"]
[EventRounds "5"]
[EventCountry "CAN"]
[TimeControl "5400+30"]

1. d4 Nf6 2. Nf3 d5 3. c4 e6 4. Nc3 Bb4 5. Bf4 O-O 6. a3 Bxc3+ 7. bxc3 b6 8. cxd5 Nxd5 9. Qd2 Qf6 10. Be5 Qe7 11. e4 Nf6 12. Qg5 h6 13. Qh4 Bb7 14. Bd3 Nbd7 15. Bxc7 Rfc8 16. Bf4 Rxc3 17. Ke2 Rxa3 18. e5 Bxf3+ 19. gxf3 Rxa1 20. Rxa1 Nd5 21. Qg3 Nxf4+ 22. Qxf4 a5 23. Qe4 Qd8 24. Qh7+ Kf8 25. Qh8+ Ke7 26. Qxg7 Qh8 27. Qg3 Rg8 28. Qh4+ Kf8 29. Qd8+ 1-0

[Event "Ste-Foy 5 2025-26"]
[Site "Ste-Foy CAN"]
[Date "2026.03.09"]
[Round "4"]
[White "Taran, Maksim"]
[Black "Godin, Francois"]
[Result "1-0"]
[ECO "B50"]
[WhiteElo "1094"]
[BlackElo "1052"]
[WhiteFideId "-1"]
[BlackFideId "-1"]
[PlyCount "67"]
[GameId "2286901979343203"]
[EventDate "2026.02.16"]
[EventType "swiss"]
[EventRounds "5"]
[EventCountry "CAN"]
[TimeControl "5400+30"]

1. e4 c5 2. Nf3 d6 3. Bc4 e6 4. c3 Nc6 5. d4 cxd4 6. cxd4 Nf6 7. d5 exd5 8. exd5 Bg4 9. dxc6 bxc6 10. O-O Be7 11. Be3 O-O 12. Nbd2 d5 13. Bb3 Bd6 14. Qc2 Qc8 15. Ba4 c5 16. Bg5 Bf5 17. Qc3 Ne4 18. Nxe4 Bxe4 19. Bc2 Qc7 20. h3 Rfe8 21. Bxe4 dxe4 22. Nd2 Re6 23. Nc4 Rae8 24. Nxd6 Qxd6 25. Rad1 Qc7 26. Rc1 f6 27. Be3 Rc6 28. Qc4+ Kh8 29. b4 a6 30. bxc5 h6 31. Rfd1 f5 32. Rd6 g5 33. Rxc6 Qxc6 34. Bd4+ 1-0

[Event "Ste-Foy 5 2025-26"]
[Site "Ste-Foy CAN"]
[Date "2026.03.16"]
[Round "5"]
[White "Chouinard, Etienne"]
[Black "Potvin, Alain-Nicolas"]
[Result "1/2-1/2"]
[ECO "A01"]
[WhiteElo "1774"]
[BlackElo "1717"]
[WhiteFideId "-1"]
[BlackFideId "-1"]
[PlyCount "63"]
[GameId "2289145827046793"]
[EventDate "2026.02.16"]
[EventType "swiss"]
[EventRounds "5"]
[EventCountry "CAN"]
[TimeControl "5400+30"]

1. b3 Nf6 2. Bb2 d6 3. e3 Nbd7 4. d4 c6 5. Nf3 g6 6. c4 Bg7 7. Qc2 O-O 8. Nbd2 Re8 9. Bd3 e5 10. O-O Qe7 11. dxe5 dxe5 12. e4 Nh5 13. Rfe1 Nf4 14. Bf1 Ne6 15. Rad1 Nd4 16. Nxd4 exd4 17. Nf3 c5 18. Bd3 Ne5 19. Nxe5 Bxe5 20. g3 Qg5 21. Bc1 Qh5 22. Be2 Bg4 23. Qd3 Bxe2 24. Rxe2 Bg7 25. Rde1 Re7 26. Ba3 b6 27. b4 Rae8 28. bxc5 bxc5 29. f4 Rc7 30. h4 Qg4 31. Rh2 h5 32. Rhe2 1/2-1/2

[Event "Ste-Foy 5 2025-26"]
[Site "Ste-Foy CAN"]
[Date "2026.03.16"]
[Round "5"]
[White "Voisin, Antoine"]
[Black "Belanger, Mathieu-Olivier"]
[Result "0-1"]
[ECO "B20"]
[WhiteElo "1645"]
[BlackElo "1920"]
[WhiteFideId "-1"]
[BlackFideId "-1"]
[PlyCount "54"]
[GameId "2289145910007205"]
[EventDate "2026.02.16"]
[EventType "swiss"]
[EventRounds "5"]
[EventCountry "CAN"]
[TimeControl "5400+30"]

1. e4 c5 2. a3 e6 3. Nc3 a6 4. d3 d6 5. Nf3 Nd7 6. Be2 Be7 7. O-O b6 8. Bf4 Qc7 9. Qd2 Ngf6 10. h3 Bb7 11. Qe3 h6 12. e5 g5 13. Bxg5 hxg5 14. exf6 Bxf6 15. Ne4 g4 16. hxg4 O-O-O 17. Nxf6 Nxf6 18. g5 Nd5 19. Qd2 f5 20. g6 f4 21. c4 Qg7 22. g3 Qh6 23. Nh4 Rdg8 24. Bf3 Rxg6 25. cxd5 Qxh4 26. Rfe1 Qh2+ 27. Kf1 fxg3 0-1

[Event "Ste-Foy 5 2025-26"]
[Site "Ste-Foy CAN"]
[Date "2026.03.16"]
[Round "5"]
[White "Laurendeau, Alfred"]
[Black "Caron-Ouellette, Charles"]
[Result "1-0"]
[ECO "A30"]
[WhiteElo "1579"]
[BlackElo "1382"]
[WhiteFideId "-1"]
[BlackFideId "-1"]
[PlyCount "73"]
[GameId "2289145977882033"]
[EventDate "2026.02.16"]
[EventType "swiss"]
[EventRounds "5"]
[EventCountry "CAN"]
[TimeControl "5400+30"]

1. Nf3 e6 2. g3 c5 3. c4 Nc6 4. Nc3 Be7 5. Bg2 h5 6. h4 g5 7. hxg5 Bxg5 8. d4 Be7 9. d5 exd5 10. cxd5 Nb4 11. a3 Na6 12. d6 Bf6 13. e4 Bxc3+ 14. bxc3 Qa5 15. e5 c4 16. Qd4 Qc5 17. Be3 Qxd4 18. Bxd4 b6 19. Ng5 Rb8 20. Bd5 Bb7 21. Bxf7+ Kf8 22. Rxh5 Rxh5 23. Bxh5 Nh6 24. g4 Bd5 25. Rb1 Rc8 26. Kd2 Nb8 27. f4 Nc6 28. f5 Nxd4 29. cxd4 c3+ 30. Kc2 Rc4 31. Rb4 Rc6 32. Rb1 Rc4 33. e6 dxe6 34. fxe6 Ng8 35. Rf1+ Kg7 36. d7 Rxd4 37. Kxc3 1-0

[Event "Ste-Foy 5 2025-26"]
[Site "Ste-Foy CAN"]
[Date "2026.03.16"]
[Round "5"]
[White "Grimard, Carl"]
[Black "Blais, Pierre-Luc"]
[Result "0-1"]
[ECO "B07"]
[WhiteElo "1414"]
[BlackElo "1466"]
[WhiteFideId "-1"]
[BlackFideId "-1"]
[PlyCount "48"]
[GameId "2289146047735229"]
[EventDate "2026.02.16"]
[EventType "swiss"]
[EventRounds "5"]
[EventCountry "CAN"]
[TimeControl "5400+30"]

1. e4 d6 2. d4 Nf6 3. Nc3 g6 4. h3 Bg7 5. Be3 c6 6. Qd2 b5 7. Bd3 O-O 8. Bh6 b4 9. Nd1 Bxh6 10. Qxh6 Qa5 11. Ne2 Nbd7 12. O-O e5 13. f4 Ba6 14. dxe5 Bxd3 15. exf6 Nxf6 16. cxd3 Qb5 17. Nf2 Rac8 18. Nd4 Qb6 19. Nf3 Rfe8 20. Ng5 Qe3 21. Kh1 Rc7 22. Ng4 Nxg4 23. hxg4 f6 24. Nxh7 Rxh7 0-1